 Dungeon Crawl Stone Soup version 0.29.1-2-gbd0b4ee654 (webtiles) character file.

Game seed: 925458722621906031

82 Ivernyr the Sneak (level 4, 0/36 HPs)
             Began as a Naga Enchanter on Oct 29, 2022.
             Killed from afar by an orc wizard (13 damage)
             ... with a puff of flame
             ... on level 3 of the Dungeon.
             The game lasted 00:05:38 (2553 turns).

Ivernyr the Sneak (Naga Enchanter)                  Turns: 2553, Time: 00:05:39

Health: 0/36       AC:  4    Str: 11    XL:     4   Next: 43%
Magic:  7/7        EV: 10    Int: 17    God:
Gold:   160        SH:  5    Dex: 11    Spells: 2/7 levels left

rFire   . . .      SeeInvis +   a - +0 short sword (elec)
rCold   . . .      Faith    .   (no shield)
rNeg    . . .      Spirit   .   b - +0 robe
rPois   +          Reflect  +   k - +1 hat
rElec   .          Harm     .   d - +0 cloak
rCorr   .          Rampage  .   (no gloves)
Will    .....                   (no barding)
Stlth   +++.......              r - amulet of reflection
HPRegen 0.12/turn               (no ring)
MPRegen 0.10/turn               (no ring)

@: very slow
A: AC +1, large, see invisible, deformed body, poison resistance, slowness 2,
spit poison 1, naga tail 1
a: Spit Poison


You were on level 3 of the Dungeon.
You visited 1 branch of the dungeon, and saw 3 of its levels.

You collected 160 gold pieces.

Inventory:

Hand Weapons
 a - a +0 short sword of electrocution (weapon)
 t - the +8 flail "Ypsity" {drain, rC- Will++ Str+4 Stlth+}
   (You found it on level 3 of the Dungeon)

   A truly terrible weapon, it drains the life of any living foe it strikes.
   Str:       It affects your strength (+4).
   rC:        It makes you vulnerable to cold.
   Will:      It greatly increases your willpower.
   Stlth:     It makes you more stealthy.
Armour
 b - a +0 robe (worn)
 d - a +0 cloak (worn)
 k - a +1 hat (worn)
Jewellery
 r - an amulet of reflection (around neck)
Wands
 w - a wand of flame (27)
Scrolls
 e - 5 scrolls of teleportation {unknown}
 f - 4 scrolls of butterflies {unknown}
 g - 5 scrolls of identify {unknown}
 h - a scroll of enchant armour {unknown}
 i - 2 scrolls of immolation {unknown}
 j - a scroll of magic mapping {unknown}
 n - a scroll of enchant weapon {unknown}
 o - 3 scrolls of fear {unknown}
 p - a scroll of vulnerability {unknown}
Potions
 c - 2 potions of invisibility
 l - a potion of curing {unknown}
 m - 2 potions of attraction {unknown}
 q - a potion of might {unknown}
 s - a potion of berserk rage {unknown}
 u - a potion of brilliance {unknown}
 v - a potion of lignification {unknown}


   Skills:
 + Level 2.0 Short Blades
 + Level 2.1 Dodging
 * Level 6.0 Stealth
 + Level 2.1 Spellcasting
 - Level 3.4 Hexes


You had 2 spell levels left.
You knew the following spells:

 Your Spells              Type           Power      Damage    Failure   Level
a - Ensorcelled Hibernat  Hex/Ice        14%        N/A       14%         2
b - Confusing Touch       Hex            13%        N/A       14%         3

Your spell library contained the following spells:

 Spells                   Type           Power      Damage    Failure   Level
 Sandblast                Erth           2%         2d4       19%         1
 Passwall                 Tmut/Erth      0%         N/A       28%         2
 Tukima's Dance           Hex            13%        N/A       14%         3
 Dazzling Flash           Conj/Hex       14%        N/A       28%         3
 Portal Projectile        Hex/Tloc       14%        N/A       28%         3
 Stone Arrow              Conj/Erth      2%         3d7       50%         3
 Blade Hands              Tmut           0%         N/A       99%         5


Dungeon Overview and Level Annotations

Branches:
Dungeon (3/15)

Altars:
Ashenzari
Kikubaaqudgha
Sif Muna


Innate Abilities, Weirdness & Mutations

Your serpentine skin is tough. (AC +1)
You have supernaturally acute eyesight. (SInv)
Armour fits poorly on your strangely shaped body.
Your system is resistant to poisons. (rPois)
You cover ground very slowly.
You can spit poison.
You have a snake-like lower body.


Message History

The puff of flame hits you.
You bump into the closed door.
The orc wizard hits you but does no damage.
You bump into the closed door.
You feel less confused. The orc wizard closely misses you.
The orc wizard points at you and mumbles some strange words.
The puff of flame hits you!
You open the door.
An orc wizard comes into view. It is wielding a +0 dagger.
The orc wizard points at you and mumbles some strange words.
The puff of flame hits the orc wizard.
The orc wizard hits you with a +0 dagger.
The orc wizard shouts!
Found a shimmering blue altar of Sif Muna.
You hit the orc wizard.
The orc wizard is severely wounded.
The orc wizard shouts!
The orc wizard casts a spell.
The orc wizard flickers and vanishes for a moment.
The orc wizard closely misses you.
The orc wizard gestures at you while chanting.
You resist with some effort.
You barely miss the orc wizard.
The orc wizard is severely wounded.
The orc wizard gestures at you while chanting.
The magic dart hits you.
The orc wizard hits you but does no damage.
Unknown command.
You hit the orc wizard.
The orc wizard is almost dead.
The orc wizard casts a spell at you.
The orc wizard resists with some effort.
The orc wizard closely misses you.
The orc wizard gestures wildly while chanting.
The orc wizard flickers and vanishes for a moment.
The orc wizard shouts!
The orc wizard points at you and mumbles some strange words.
The puff of flame hits you!
You die...

+...##.# #.....
#....#######.....
####.....#)...'.....
#..#.⌠.⌠.######.....
#_.'..⌠....# #.....
#..#.⌠.⌠.#.# #.....
####.....#.# #####.
#..#o...##.# #.
#_o@oo.##..# #.
#..#o.##...#### ##
#########.....###
####..........'.#
#.............###
#...............####
#..........####....#
####.......# #.##..
#.....<.# #..§..


You could see 5 orc wizards.

Vanquished Creatures
  A gnoll (D:1)
  2 adders
  A worm (D:3)
  2 dart slugs
  An orc (D:3)
  2 ball pythons
  5 endoplasms
  2 giant cockroaches
  3 hobgoblins
  3 jackals (D:1)
  6 kobolds
  5 bats
  2 frilled lizards (D:1)
  5 goblins
  5 rats
45 creatures vanquished.

Notes
Turn   | Place    | Note
-------+----------+-------------------------------------------
     0 | D:1      | Ivernyr the Naga Enchanter began the quest for the Orb.
     0 | D:1      | Reached XP level 1. HP: 15/15 MP: 3/3
   143 | D:1      | Reached XP level 2. HP: 4/22 MP: 5/5
   146 | D:1      | Learned a level 2 spell: Ensorcelled Hibernation
   703 | D:1      | Reached skill level 5 in Stealth
   723 | D:1      | Reached XP level 3. HP: 28/28 MP: 6/6
  1052 | D:1      | Learned a level 3 spell: Confusing Touch
  1773 | D:3      | Found a broken altar of Ashenzari.
  1799 | D:3      | Reached XP level 4. HP: 34/36 MP: 7/7
  1834 | D:3      | Identified the +8 flail "Ypsity" {drain, rC- Will++ Str+4
                  | Stlth+}
  1881 | D:3      | Found a faded altar of an unknown god.
  2196 | D:3      | Reached skill level 6 in Stealth
  2533 | D:3      | Found an ancient bone altar of Kikubaaqudgha.
  2549 | D:3      | Found a shimmering blue altar of Sif Muna.
  2553 | D:3      | Killed from afar by an orc wizard

Illustrated notes

Levels and vault maps discovered:
D:1:      dpeg_arrival_pits, layout_loops_ring, minmay_hedge_maze
D:2:      layout_loops_cross
D:3:      layout_basic, palyth_temple_overflow_mages,
          mainiacjoe_overflow_concentric_impassable,
          hellmonk_ecumenical_altar_crossroads, chequers_serial_rivers_large_a

Skill      XL: |  1  2  3  4 |
---------------+-------------+-----
Stealth        | 5 6 |  6.0
Dodging        | 2 |  2.1
Short Blades   | 2 |  2.0
Spellcasting   | |  2.1
Hexes          | |  3.4

Action                   |  1- 3 |  4- 6 || total
-------------------------+-------+-------++-------
Melee: Dagger            |    61 |       ||    61
       Punch             |     1 |       ||     1
       Short sword       |       |    33 ||    33
 Cast: Ensorcelled Hiber |     6 |    10 ||    16
 Abil: Spit Poison       |     5 |     2 ||     7
 Stab: Sleeping          |    17 |     5 ||    22
Armor: Robe              |    13 |    13 ||    26
Dodge: Dodged            |    32 |    20 ||    52
Block: Other             |     2 |     5 ||     7
